 Dungeon Crawl Stone Soup version 0.30-a0-830-gfe289a77b0 (webtiles) character file.

Game seed: 8996821532571694372

1697296 dolemite99 the Acrobat (level 27, 228/228 HPs)
             Began as a Djinni Conjurer on Mar 1, 2023.
             Was a High Priest of Ashenzari.
             Escaped with the Orb
             ... and 4 runes on Mar 2, 2023!
             The game lasted 03:55:29 (135520 turns).

dolemite99 the Acrobat (Djinni Conjurer)          Turns: 135520, Time: 03:55:30

Health: 228/228    AC: 22    Str:  6    XL:     27
Gold:   7105       EV: 21    Int: 51    God:    Ashenzari [*****.] SH: 13 Dex: 14

rFire   + + +      SeeInvis +    a - +7 rapier "Celestial Portent" {venom, rElec rF+ Int+5, Evo, Self} (curse)
rCold   + . .      Faith    .    T - +0 kite shield of Desmomancy {reflect, Melee, Fort} (curse)
rNeg    . . .      Spirit   .    p - +4 ring mail of the Chained Mistrust {rC+, Range, Fort} (curse)
rPois   ∞          Reflect  +    k - +2 helmet "Lashed With Me" {Melee, Self} (curse)
rElec   +          Harm     .    O - +1 cloak of Ashenzari's Secrets {rC+ Str+2 Dex+2, Evo, Range} (curse)
rCorr   .          Rampage  .    s - +1 pair of gloves "Moon of the Soothsayer" {Melee, Evo} (curse)
Will    +++..      Clarity  +    (boots unavailable)
Stlth   +                        A - amulet "Chained With Me" {Regen+, Evo, Fort} (curse)
HPRegen 1.38/turn                y - ring of protection from fire
MPRegen 0.00/turn                v - ring "Chagrin of Ashenzari" {Will+ Int+6, Evo, Fort} (curse)

@: flying
A: sickness immunity, fire resistance 2, cold vulnerability 1, float, innate
caster, HP casting, extra vitality 1, clarity, clever 2, sense surroundings 1,
sturdy frame 1
0: Orb of Zot
}: 4/15 runes: serpentine, barnacled, slimy, silver
a: Renounce Religion, Curse Item, Shatter the Chains


You escaped.
You worshipped Ashenzari.
Ashenzari was extremely pleased with you.
You visited 13 branches of the dungeon, and saw 57 of its levels.
You also visited: Wizlab.

You collected 11142 gold pieces.
You spent 4037 gold pieces at shops.

Inventory:

Hand Weapons
 a - the cursed +7 rapier "Celestial Portent" (weapon) {venom, rElec rF+ Int+5, Evo, Self}
   (You found it on level 5 of the Pits of Slime)

   Int:       It affects your intelligence (+5).
   rF:        It protects you from fire.
   rElec:     It insulates you from electricity.
   It has a curse which improves the following skills: Evocations: Evocations.
   Introspection: Fighting and Spellcasting.
 b - a +8 vampiric broad axe
 e - the +6 demon trident of Jagava {freeze, rN+++ rCorr MP+9 Int+2}
   (You found it on level 5 of the Pits of Slime)

   Int:       It affects your intelligence (+2).
   rN:        It renders you almost immune to negative energy.
   MP:        It affects your magic capacity (+9).
   rCorr:     It protects you from acid and corrosion.
 z - the +7 spear of Chagrin {freeze, rElec rC+}
   (You took it off a deep elf annihilator on level 3 of the Elven Halls)

   rC:        It protects you from cold.
   rElec:     It insulates you from electricity.
 H - the +6 broad axe of Ohasian {holy, rN+}
   (You found it on level 5 of the Vaults)

   rN:        It protects you from negative energy.
Missiles
 f - 5 silver javelins
 i - 5 boomerangs of dispersal
 P - 11 boomerangs
 W - 4 javelins (quivered)
Armour
 k - the cursed +2 helmet "Lashed With Me" (worn) {Melee, Self}
   (You took it off Robin on level 2 of the Dungeon)

   It has a curse which improves the following skills: Melee Combat: Short
   Blades, Long Blades, Axes, Maces & Flails, Polearms, Staves and Unarmed
   Combat.
   Introspection: Fighting and Spellcasting.
 p - the cursed +4 ring mail of the Chained Mistrust (worn) {rC+, Range, Fort}
   (You bought it in a shop on level 2 of the Snake Pit)

   It has a curse which improves the following skills: Ranged Combat: Ranged
   Weapons and Throwing.
   Fortitude: Armour and Shields.
 s - the cursed +1 pair of gloves "Moon of the Soothsayer" (worn) {Melee, Evo}
   (You took it off Nikola on level 3 of the Snake Pit)

   It has a curse which improves the following skills: Melee Combat: Short
   Blades, Long Blades, Axes, Maces & Flails, Polearms, Staves and Unarmed
   Combat.
   Evocations: Evocations.
 J - a scarf of resistance
 O - the cursed +1 cloak of Ashenzari's Secrets (worn) {rC+ Str+2 Dex+2, Evo, Range}
   (You found it in a wizard's laboratory)

   Str:       It affects your strength (+2).
   Dex:       It affects your dexterity (+2).
   rC:        It protects you from cold.
   It has a curse which improves the following skills: Evocations: Evocations.
   Ranged Combat: Ranged Weapons and Throwing.
 T - the cursed +0 kite shield of Desmomancy (worn) {reflect, Melee, Fort}
   (You acquired it on level 3 of the Lair of Beasts)

   It has a curse which improves the following skills: Melee Combat: Short
   Blades, Long Blades, Axes, Maces & Flails, Polearms, Staves and Unarmed
   Combat.
   Fortitude: Armour and Shields.
Magical Staves
 N - a staff of conjuration
Jewellery
 d - a ring of protection from cold
 r - a ring of resist corrosion
 v - the cursed ring "Chagrin of Ashenzari" (right hand) {Will+ Int+6, Evo, Fort}
   (You took it off an ironbound convoker on level 4 of the Vaults)

   [ring of intelligence]

   Int:       It affects your intelligence (+6).
   Will:      It increases your willpower.
   It has a curse which improves the following skills: Evocations: Evocations.
   Fortitude: Armour and Shields.
 y - a ring of protection from fire (left hand)
 A - the cursed amulet "Chained With Me" (around neck) {Regen+, Evo, Fort}
   (You acquired it on level 3 of the Lair of Beasts)

   [amulet of regeneration]

   Regen:     It increases your rate of health regeneration.
   It has a curse which improves the following skills: Evocations: Evocations.
   Fortitude: Armour and Shields.
 I - the ring "Viczoargh" {rF- rN++ MP+9 Int+5}
   (You bought it in a shop on level 2 of the Snake Pit)

   [ring of magical power]

   Int:       It affects your intelligence (+5).
   rF:        It makes you vulnerable to fire.
   rN:        It greatly protects you from negative energy.
   MP:        It affects your magic capacity (+9).
 V - the ring of the Trout {rElec rF- rC+ rN+ SInv}
   (You found it on level 3 of the Crypt)

   [ring of positive energy]

   rF:        It makes you vulnerable to fire.
   rC:        It protects you from cold.
   rElec:     It insulates you from electricity.
   rN:        It protects you from negative energy.
   SInv:      It lets you see invisible.
 X - a +6 ring of intelligence
 Z - a ring of willpower
Wands
 g - a wand of digging (16)
 B - a wand of paralysis (37)
 K - a wand of iceblast (10)
 L - a wand of quicksilver (15)
Scrolls
 j - 3 scrolls of silence
 l - 11 scrolls of poison
 u - 13 scrolls of teleportation
 w - 12 scrolls of fog
 F - 2 scrolls of noise
 R - 4 scrolls of vulnerability
 Y - 5 scrolls of fear
Potions
 c - 7 potions of might
 h - 3 potions of berserk rage
 m - 9 potions of haste
 n - 9 potions of curing
 o - 6 potions of ambrosia
 D - a potion of invisibility
 E - 5 potions of cancellation
 G - 2 potions of brilliance
 M - 2 potions of resistance
 Q - a potion of heal wounds
Miscellaneous
 q - a phial of floods
 t - a lightning rod (4/4)
 x - a box of beasts
 C - a tin of tremorstones (2/2)
 S - a phantom mirror (inert)
 U - a condenser vane


   Skills:
 - Level 24.9(27) Fighting
 - Level 11.5(17.0) Axes
 - Level 10.1(16.1) Polearms
 - Level 12.8(16.2) Throwing
 - Level 13.3(18.8) Armour
 - Level 25.8 Dodging
 - Level 5.9 Stealth
 - Level 9.7(15.1) Shields
 + Level 19.6(22.8) Spellcasting
 - Level 21.3(27) Evocations


You knew the following spells:

 Your Spells              Type           Power      Damage    Failure   Level
a - Chain Lightning       Conj/Air       69%        3d92      4%          9
b - Iron Shot             Conj/Erth      69%        9d13      0%          6
c - Fireball              Conj/Fire      69%        3d26      0%          5
d - Spellforged Servitor  Conj/Summ      69%        N/A       1%          7
e - Simulacrum            Ice/Necr       69%        N/A       0%          6
f - Dazzling Flash        Conj/Hex       100%       N/A       0%          3
g - Passwall              Tmut/Erth      100%       N/A       0%          2
h - Kindle Blastsparks    Fire/Tloc/Air  100%       2d18      0%          3
i - Spider Form           Tmut/Pois      100%       N/A       0%          3
j - Ice Form              Ice/Tmut       100%       N/A       0%          4
k - Searing Ray           Conj           100%       2d8       0%          2
l - Death Channel         Necr           69%        N/A       0%          6
m - Foxfire               Conj/Fire      100%       2x1d9     0%          1
n - Magic Dart            Conj           100%       1d8       0%          1
o - Lehudib's Crystal Sp  Conj/Erth      69%        10d16     1%          8
p - Fulminant Prism       Conj/Hex       69%        3d28      0%          4
q - Necromutation         Tmut/Necr      69%        N/A       1%          8
r - Iskenderun's Mystic   Conj/Tloc      100%       2d19      0%          4
Your spell library was empty.

Dungeon Overview and Level Annotations

Branches:
Dungeon (15/15)            Temple (1/1) D:4            Lair (5/5) D:11
 Shoals (4/4) Lair:3        Snake (4/4) Lair:3        Slime (5/5) Lair:4
    Orc (2/2) D:11            Elf (3/3) Orc:2        Vaults (5/5) D:14
  Crypt (3/3) Vaults:2       Tomb (0/3) Crypt:3      Depths (4/4) D:15
   Hell (visited)             Dis (0/7) Hell            Geh (0/7) Hell
    Coc (0/7) Hell            Tar (0/7) Hell            Zot (5/5) Depths:4
 WizLab (visited)

Altars:
Ashenzari
Cheibriados
Dithmenos
Elyvilon
Fedhas
Gozag
Hepliaklqana
Makhleb
Nemelex Xobeh
Okawaru
Qazlal
Ru
Trog
Uskayaw
Wu Jian
Xom
Yredelemnul
Zin
The Shining One
Jiyva
Lugonu

Shops:
D:5 *   D:6 [   D:11 !   Orc:2 [:(   Elf:2 ?   Snake:2 :[=*   Snake:4 (
Depths:1 [

Portals:
Hell: Depths:1 Depths:2 Depths:3 Depths:4
Abyss: Slime:4 Depths:2 Depths:3
Pandemonium: Depths:2
Ziggurat: Depths:1

Annotations:
Lair:4 exclusion: downstairs
Shoals:2 exclusion: downstairs
Shoals:3 exclusion: downstairs
Snake:2 exclusion: downstairs
Crypt:3 3 runed translucent doors, Rakupo Megg's ghost, veteran GrEE
Depths:2 exclusion: door
Depths:3 exclusion: downstairs
Zot:3 exclusion: downstairs


Innate Abilities, Weirdness & Mutations

You are immune to sickness and miasma.
You are immune to poison.
Your flesh is very heat resistant. (rF++)
You are vulnerable to cold. (rC-)
You float through the air rather than walking.
You learn spells naturally, not from books.
Your magical power is your life essence.
You have superior vitality. (+4 MHP)
You possess an exceptional clarity of mind.
Your mind is very acute. (Int +8, Str/Dex -2)
You passively map a small area around you.
Your movements are slightly less encumbered by armour. (ER -2)


Message History

There is a stone staircase leading down here.
You sense a monster nearby.
An Orb Guardian comes into view.
Casting: Iron Shot (safe; 0% risk of failure)
Confirm with . or Enter, or press ? or * to list all spells.
Aiming: Passwall (safe; 0% risk of failure)
Press: ? - help, Dir - move target A rock wall.
This square is covered in magical glow.
You begin to meditate on the wall.
You continue meditating on the rock.
HP restored.
You continue meditating on the rock.
You finish merging with the rock.
Things that are here:
a +0 robe; a +0 dagger
There is a stone staircase leading up here.
You fly upwards.
There is a stone staircase leading down here.
You see here a +0 dagger.
There is an escape hatch in the ceiling here.
A mysterious force pulls you upwards. The hatch slams shut behind you.
There is a stone staircase leading up here.
You fly upwards.
There is a stone staircase leading down here.
A hellion comes into view.
Casting: Passwall (safe; 0% risk of failure)
Confirm with . or Enter, or press ? or * to list all spells.
You summon a servant imbued with your destructive magic!
Casting: Spellforged Servitor (safe; 1% risk of failure)
Confirm with . or Enter, or press ? or * to list all spells.
Aiming: Iron Shot (safe; 0% risk of failure)
Press: ? - help, Shift-Dir - straight line, f - hellion
Aim: a hellion (ally target, 82% to hit)
The iron shot hits the hellion!!!
You kill the hellion!
Casting: Iron Shot (safe; 0% risk of failure)
Confirm with . or Enter, or press ? or * to list all spells.
You can't see any susceptible monsters within range! (Use Z to cast anyway.)
There is a staircase leading out of the dungeon here.
You have escaped!

......##########÷##########.#....
..###.##.................##.#....
..# #.#.#.......#.......#.#.#....
..# #.#..#...#...#...[.#..#.#....
..###.#...#...#...#.{.#...#.##.#.
......#....#...#...#.#....#...>#.
####.##.....#.#.#...#...#.##.####
#.##..#...#...#.#.#.#..##.#
#..#...#.#..9@.#...#......#
##......#.....#.#:#.#..####
#.#.....#...#...#.....#
#.#.....##.#...##.....#
#.#....#..#...#..#....#
#.#...#..#.#.#....#...#
#.#..#.....[#......#..#
#.#.#......#.#......#.#
#.##......#..........##


You could see a friendly spellforged servitor (summoned).

Vanquished Creatures
  the Royal Jelly (Slime:5)
  2 dread liches
  2 orbs of fire (Zot:5)
  An ancient lich (Vaults:5)
  A juggernaut (Depths:3)
  Bai Suzhen (Snake:4)
  Saint Roka (Snake:4)
  Xtahua (Depths:3)
  2 Killer Klowns
  2 curse toes
  Nikola (Snake:3)
  5 golden dragons
  Jory (Vaults:4)
  A bone dragon (Depths:3)
  5 doom hounds
  A Brimstone Fiend (D:14)
  An electric golem (Zot:3)
  An iron giant (Hell)
  3 liches
  Jorgrun (Shoals:3)
  10 tentacled monstrosities
  9 Orb Guardians
  Grunn (Depths:3)
  A quicksilver dragon (shapeshifter) (Vaults:5)
  2 ancient champions
  2 deep elf blademasters (Elf:3)
  14 quicksilver dragons
  5 titans (Vaults:5)
  Polyphemus (Shoals:2)
  An eldritch tentacle (WizLab)
  13 acid blobs
  2 krakens
  An Executioner (WizLab)
  A deep elf master archer (Elf:3)
  7 shadow dragons
  5 death cobs
  Kirke (Shoals:4)
  2 sphinxes
  4 tengu reavers
  The ghost of cforsyth the Acrobat, an adept KoBr of Hepliaklqana (Snake:4)
  Frances (Snake:2)
  3 draconian monks
  Donald (Shoals:3)
  2 nagarajas (Snake:4)
  A revenant (Crypt:2)
  10 azure jellies
  8 rockslimes
  6 frost giants
  9 storm dragons
  6 fire giants
  3 deep elf sorcerers
  Aizul (Snake:4)
  10 vault wardens
  A draconian scorcher (Zot:4)
  3 draconian knights
  A balrug (Zot:2)
  5 draconian shifters
  An emperor scorpion (D:15)
  2 curse skulls
  Louise (Snake:2)
  3 deep elf elementalists (Elf:3)
  The ghost of Wyzutisk the Bludgeoner, a journeyman MiFi of Qazlal (Shoals:1)
  3 draconian annihilators
  2 orc warlords
  A cacodemon (Depths:1)
  9 ghouls
  12 ironbound preservers
  6 ghost moths
  9 reapers
  15 stone giants
  6 draconian stormcallers
  13 very ugly things
  4 quicksilver oozes (Slime:5)
  4 ironbound thunderhulks
  16 vampire knights
  4 black draconians
  4 war gargoyles
  5 green draconians
  5 deep elf demonologists
  A putrid mouth (Depths:3)
  A lorocyproca (Hell)
  Nessos (Lair:4)
  Azrael (Snake:3)
  16 purple draconians
  2 deep elf annihilators (Elf:3)
  9 dire elephants
  3 white draconians
  8 red draconians
  3 yellow draconians
  2 spark wasps
  2 blizzard demons
  5 deep elf death magi
  4 eidola
  4 merfolk javelineers (Shoals:4)
  A green death (Zot:2)
  3 jiangshi
  2 crystal guardians
  2 iron golems (Hell)
  5 deep elf high priests
  7 fire dragons
  10 ettins
  10 merfolk impalers
  15 yaktaur captains
  6 great orbs of eyes
  3 rakshasas
  3 salamander tyrants (Snake:4)
  25 vault guards
  2 peacekeepers
  6 ironbound frosthearts
  A fenstrider witch zombie (Crypt:1)
  2 ice dragons (Depths:3)
  2 spriggan air magi (Depths:3)
  4 boulder beetles
  12 hydras
  A hell beast (Hell)
  2 ogre magi
  2 anacondas
  2 death knights (Crypt:1)
  10 centaur warriors
  A merfolk aquamancer (Shoals:4)
  2 two-headed ogres (D:11)
  4 merfolk avatars
  2 alligators (Snake:4)
  36 dancing weapons
  5 catoblepae
  4 satyrs
  3 death yaks (Shoals:3)
  8 naga warriors
  3 hell hogs
  10 naga sharpshooters
  3 deep troll earth magi
  9 orc high priests
  A death yak (shapeshifter) (Vaults:5)
  6 alligator snapping turtles
  A titan zombie (Crypt:3)
  7 vampire magi
  3 thrashing horrors (WizLab)
  13 shock serpents
  3 tengu warriors
  5 sun demons
  Sonja (D:12)
  A skyshark (Shoals:1)
  4 hell knights
  3 soul eaters
  Urug (Lair:5)
  11 deep elf knights
  3 salamander mystics
  A titan skeleton (Crypt:2)
  3 shadow wraiths
  A sixfirhy (WizLab)
  17 skeletal warriors
  8 sea snakes
  2 goliath frogs (Snake:4)
  3 iron trolls
  15 deep trolls
  An obsidian statue (WizLab)
  2 naga ritualists
  3 bog bodies
  6 wizards
  An orange crystal statue (Elf:2)
  A large abomination (WizLab)
  17 phantasmal warriors
  10 lindwurms
  10 ironbound convokers
  7 necromancers
  A bunyip skeleton (Crypt:2)
  13 orc knights
  A steelbarb worm (shapeshifter) (D:15)
  6 deep elf archers
  3 glowing orange brains
  2 starcursed masses (WizLab)
  32 deep elf zephyrmancers
  12 harpies
  19 ugly things
  18 deep elf pyromancers
  A goliath frog zombie (Crypt:1)
  10 salamanders
  2 shining eyes
  4 cyclopes
  6 orc sorcerers
  An oklob plant (Lair:1)
  16 fauns
  8 mana vipers
  15 moths of wrath
  10 manticores
  2 worldbinders (WizLab)
  A spectral shock serpent (Snake:4)
  2 stone giant zombies
  6 merfolk sirens
  10 elephants
  4 smoke demons
  7 vault sentinels
  Maurice (D:8)
  11 naga magi
  3 rust devils
  A torpor snail (Lair:5)
  30 black mambas
  A stone giant skeleton (Crypt:3)
  The ghost of oldplebian the Chopper, a novice MiFi of the Shining One (D:5)
  3 apocalypse crabs (Shoals:3)
  Joseph (Lair:1)
  2 orange demons
  A centaur skeleton (Crypt:2)
  6 guardian serpents
  2 demonspawn skeletons (WizLab)
  6 molten gargoyles
  2 dire elephant zombies (Crypt:3)
  12 water nymphs
  9 cane toads
  A white draconian zombie (Crypt:1)
  8 rime drakes
  2 dire elephant skeletons
  24 yaktaurs
  2 hellions
  2 human zombies (Vaults:3)
  5 unseen horrors
  11 komodo dragons
  Maggie (Lair:1)
  2 ice devils
  The ghost of Tollund the Changer, a novice OpTm (D:5)
  A spark wasp simulacrum (Depths:2)
  An ancient zyme (WizLab)
  A catoblepas skeleton (Crypt:2)
  2 kobold demonologists (D:10)
  The ghost of mandoloar the Digger, a novice GrEE (D:5)
  A red devil (Hell)
  2 tormentors (Depths:3)
  A hydra zombie (Crypt:3)
  5 freezing wraiths
  A purple draconian skeleton (Crypt:2)
  An anaconda simulacrum (Snake:4)
  3 harpy zombies (Crypt:3)
  2 hellwings
  3 polar bears
  14 trolls
  8 snapping turtles
  2 hornets
  6 wind drakes
  16 merfolk
  A hydra skeleton (Crypt:2)
  18 blink frogs
  10 dream sheep (Lair:5)
  3 ettin zombies (Crypt:3)
  A spectral black mamba (Snake:4)
  3 air elementals
  46 slime creatures
  A ynoxinul (WizLab)
  2 vampires
  10 wraiths
  7 water elementals
  14 wyverns
  5 hogs (Shoals:4)
  2 steam dragons
  5 fire elementals
  8 basilisks
  43 yaks
  9 golden eyes
  2 redbacks
  A neqoxec (D:14)
  A naga zombie (Crypt:3)
  A mana viper simulacrum (Snake:4)
  A harpy simulacrum (Crypt:3)
  25 nagas
  3 spatial vortices (WizLab)
  6 vampire mosquitoes
  6 wargs
  2 acid dragons
  20 water moccasins
  14 hell hounds
  A black bear (shapeshifter) (Elf:2)
  A spectral naga (Snake:4)
  A floating eye (Slime:5)
  34 orc warriors
  2 sky beasts
  A sky beast (shapeshifter) (Depths:3)
  A deep troll skeleton (Crypt:3)
  An ice beast (D:5)
  6 ogres
  A black bear (D:5)
  6 boggarts
  18 wolves
  A blink frog zombie (Crypt:3)
  5 centaurs
  A dream sheep zombie (Crypt:2)
  A kobold brigand (D:7)
  6 bullfrogs
  7 necrophages
  2 gnoll sergeants
  2 elf skeletons
  A wyvern zombie (Crypt:2)
  An earth elemental (Elf:1)
  2 scorpions
  12 wights
  A swamp dragon simulacrum (Crypt:2)
  12 killer bees
  2 electric eels
  2 vampire bats (Lair:2)
  A spriggan skeleton (Crypt:2)
  8 howler monkeys
  5 lava snakes (Lair:5)
  A salamander simulacrum (Snake:4)
  3 jellies
  4 hounds
  17 orc priests
  A basilisk skeleton (Crypt:3)
  Jessica (D:2)
  A black bear skeleton (Crypt:2)
  2 iguanas
  3 hell rats (Lair:5)
  19 orc wizards
  6 yak simulacra (Lair:4)
  3 wolf simulacra (Lair:4)
  A small abomination (D:14)
  Robin (D:2)
  12 gnolls
  7 adders
  3 white imps
  4 worms
  4 dart slugs
  68 orcs
  8 endoplasms
  5 giant cockroaches
  18 goblins
  10 hobgoblins
  21 kobolds
  5 quokkas
  9 ball pythons
  16 bats
  4 frilled lizards (D:3)
  A kobold zombie (Crypt:1)
  7 rats
  2 river rat simulacra (Lair:4)
  A bush (Lair:4)
  A fulminant prism (D:11)
  A lurking horror (Slime:4)
  2 tentacles
1896 creatures vanquished.

Vanquished Creatures (collateral kills)
  A pandemonium lord (D:14)
  A dread lich (Zot:5)
  An ancient lich (Zot:5)
  5 orbs of fire (Zot:5)
  A juggernaut (Depths:3)
  2 Killer Klowns
  Sojobo (Depths:3)
  3 caustic shrikes (Depths:4)
  5 golden dragons
  Geryon (Hell)
  2 doom hounds (Hell)
  3 electric golems
  A walking crystal tome (Depths:3)
  Zenata (Crypt:2)
  17 Orb Guardians (Zot:5)
  6 tentacled monstrosities
  4 quicksilver dragons
  10 acid blobs
  A death cob (Zot:5)
  5 shadow dragons
  3 sphinxes
  5 storm dragons
  7 tengu reavers
  2 draconian monks
  A nagaraja (Snake:4)
  2 azure jellies (Slime:5)
  8 fire giants
  3 rockslimes (Slime:5)
  7 frost giants
  3 deep elf sorcerers
  12 vault wardens
  2 draconian knights
  5 draconian scorchers
  An iron dragon (Depths:4)
  2 draconian shifters
  4 draconian annihilators
  2 draconian stormcallers
  4 ghouls
  35 very ugly things
  2 spriggan defenders (Depths:3)
  8 stone giants
  3 ironbound thunderhulks
  An orc warlord (Vaults:4)
  A war gargoyle (Vaults:5)
  2 reapers (Hell)
  17 ironbound preservers
  4 quicksilver oozes
  5 vampire knights
  5 deep elf demonologists
  3 green draconians (Zot:2)
  15 purple draconians
  A dire elephant (Vaults:3)
  9 spark wasps
  10 black draconians
  6 white draconians
  5 deep elf annihilators (Elf:3)
  9 yellow draconians
  3 red draconians (Zot:2)
  7 deep elf death magi
  2 eidola
  An iron golem (Hell)
  10 ettins
  A merfolk impaler (Shoals:3)
  2 green deaths
  8 fire dragons
  5 yaktaur captains
  2 entropy weavers
  A spriggan zombie (Crypt:3)
  A crystal guardian (Vaults:4)
  3 deep elf high priests
  11 jiangshi
  4 great orbs of eyes
  3 rakshasas
  A great orb of eyes (shapeshifter) (Vaults:5)
  A peacekeeper (Vaults:4)
  A salamander tyrant (Snake:4)
  22 vault guards
  3 anacondas
  A spriggan air mage (Depths:3)
  2 centaur warriors (Vaults:2)
  3 ice dragons
  A boulder beetle (Vaults:3)
  A boulder beetle (shapeshifter) (Depths:3)
  5 dancing weapons (Elf:2)
  5 ironbound frosthearts (Vaults:4)
  6 deep troll earth magi
  2 deep troll shamans (Depths:3)
  2 alligators (Snake:4)
  2 spriggan berserkers
  3 tengu warriors
  A naga warrior (Snake:4)
  A naga sharpshooter (Snake:4)
  2 vampire magi
  A soul eater (Depths:1)
  4 deep elf knights
  2 shock serpents (Snake:4)
  3 hell knights
  2 sun demons
  A storm dragon zombie (Depths:2)
  An iron troll (Hell)
  17 skeletal warriors
  37 deep trolls
  A glowing orange brain (Depths:3)
  A sea snake (shapeshifter) (Depths:2)
  4 deep elf archers
  A spriggan simulacrum (Crypt:2)
  A naga ritualist (Snake:1)
  3 wizards
  An obsidian statue (Depths:1)
  6 lindwurms
  12 ironbound convokers
  8 phantasmal warriors
  A shadow dragon zombie (Vaults:3)
  2 necromancers
  2 orc knights
  A harpy (Shoals:4)
  4 shining eyes
  4 deep elf zephyrmancers
  2 mana vipers
  6 deep elf pyromancers
  13 ugly things
  6 moths of wrath
  2 salamanders
  A merfolk siren (Shoals:2)
  A guardian serpent (Snake:4)
  5 black mambas
  A manticore (Shoals:4)
  2 naga magi
  6 vault sentinels
  2 smoke demons
  3 molten gargoyles (Hell)
  A cane toad (shapeshifter) (Vaults:5)
  An unseen horror zombie (Crypt:1)
  A yaktaur (shapeshifter) (Depths:3)
  A yellow draconian zombie (Crypt:2)
  3 freezing wraiths
  17 yaktaurs
  An ancient zyme (WizLab)
  An ice devil (Hell)
  A tormentor (Depths:1)
  A harpy zombie (Crypt:3)
  A spriggan skeleton (Depths:2)
  A merfolk (Shoals:4)
  2 hornets (Depths:3)
  An iron troll skeleton (Crypt:2)
  A troll (Orc:2)
  A snapping turtle (Snake:4)
  A blink frog (WizLab)
  A jumping spider (Vaults:3)
  33 slime creatures
  A culicivora (shapeshifter) (Depths:4)
  A water elemental (Elf:3)
  An elf simulacrum (Vaults:3)
  A salamander simulacrum (Snake:4)
  2 spriggans (Depths:3)
  2 ettin skeletons
  3 wraiths
  2 ynoxinuls
  A starcursed mass (WizLab)
  A neqoxec (Depths:1)
  6 golden eyes
  A chaos spawn (Depths:1)
  2 redbacks (Vaults:4)
  A spatial vortex (WizLab)
  A harpy simulacrum (Crypt:2)
  4 nagas
  A glowing shapeshifter skeleton (Crypt:1)
  A deep troll skeleton (Crypt:3)
  A naga skeleton (Crypt:2)
  2 orc warriors
  A black mamba simulacrum (Snake:4)
  A centaur (D:15)
  A swamp dragon skeleton (Crypt:1)
  A snapping turtle skeleton (Crypt:1)
  2 human skeletons (Vaults:3)
  A cyclops skeleton (Crypt:1)
  A spectral naga (Snake:4)
  A shapeshifter zombie (Crypt:2)
  An orc priest (Snake:4)
  A tengu skeleton (Crypt:3)
  A swamp drake skeleton (Crypt:2)
  9 orcs
  A hobgoblin skeleton (Crypt:3)
711 creatures vanquished.

Vanquished Creatures (others)
  2 deep elf knights
  A naga mage (Snake:3)
  An orc wizard (Orc:2)
  A bush (Lair:5)
  417 foxfires
  123 fulminant prisms
  61 fungi
  157 plants
  11 tentacles
  7 withered plants (Crypt:3)
781 creatures vanquished.

Grand Total: 3388 creatures vanquished

Notes
Turn   | Place    | Note
-------+----------+-------------------------------------------
     0 | D:1      | dolemite99 the Djinni Conjurer began the quest for the Orb.
     0 | D:1      | dolemite99 set off with the following spells memorised:
                  | Magic Dart, Searing Ray, Dazzling Flash, Fulminant Prism,
                  | Iskenderun's Mystic Blast.
     0 | D:1      | Reached XP level 1. HP: 15/15 MP: 0/0
   291 | D:1      | Reached XP level 2. HP: 19/21 MP: 0/0
   832 | D:1      | Reached XP level 3. HP: 22/25 MP: 0/0
   832 | D:1      | Learned a level 1 spell: Foxfire
  1373 | D:2      | Reached XP level 4. HP: 29/31 MP: 0/0
  1423 | D:2      | Noticed Robin
  1437 | D:2      | Killed Robin
  1795 | D:2      | Noticed Jessica
  1798 | D:2      | Killed Jessica
  2145 | D:2      | Reached XP level 5. HP: 32/35 MP: 0/0
  2145 | D:2      | Learned a level 2 spell: Passwall
  2801 | D:3      | Reached skill level 5 in Spellcasting
  3677 | D:4      | Reached skill level 1 in Fighting
  3677 | D:4      | Reached XP level 6. HP: 38/42 MP: 0/0
  4017 | D:4      | Found a staircase to the Ecumenical Temple.
  4084 | Temple   | Entered the Ecumenical Temple
  4480 | Temple   | Became a worshipper of Ashenzari the Shackled
  4911 | D:4      | Reached XP level 7. HP: 47/50 MP: 0/0
  4911 | D:4      | Learned a level 3 spell: Kindle Blastsparks
  5430 | D:5      | Entered Level 5 of the Dungeon
  5522 | D:5      | Found Jocsusof's Assorted Antiques.
  5533 | D:5      | Bought a scroll of identify for 44 gold pieces
  5533 | D:5      | Bought a scroll labelled JIUTY LYDENNYA for 22 gold pieces
  5535 | D:5      | Bought a scroll of poison for 88 gold pieces
  6187 | D:5      | Found a bloodstained altar of Trog.
  6188 | D:5      | Found a snail-covered altar of Cheibriados.
  6445 | D:5      | Reached XP level 8. HP: 50/59 MP: 0/0
  6536 | D:5      | Found a runed translucent gate.
  6539 | D:5      | Found a runed translucent gate.
  6540 | D:5      | Found a runed translucent gate.
  6541 | D:5      | Noticed oldplebian's ghost (novice MiFi)
  6541 | D:5      | Noticed Tollund's ghost (novice OpTm)
  6541 | D:5      | Noticed mandoloar's ghost (novice GrEE)
  6800 | D:6      | Found Guwkil's Armour Shop.
  6808 | D:5      | Reached skill level 5 in Fighting
  8674 | D:6      | Reached * piety under Ashenzari
  8724 | D:6      | Reached skill level 1 in Evocations
  8948 | D:6      | Reached XP level 9. HP: 51/68 MP: 0/0
  8948 | D:6      | Learned a level 3 spell: Spider Form
  9861 | D:7      | Reached skill level 5 in Evocations
  9882 | D:7      | Identified the +5 pair of boots "Uromm" {Str+2 Dex+4}
 10143 | D:7      | Noticed a hornet
 10150 | D:7      | Killed a hornet
 10444 | D:7      | Found an ornate altar of the Wu Jian Council.
 11284 | D:7      | Reached XP level 10. HP: 58/76 MP: 0/0
 11737 | D:5      | Bought a scroll of fear for 88 gold pieces
 12264 | D:8      | Reached ** piety under Ashenzari
 12339 | D:8      | Reached *** piety under Ashenzari
 12918 | D:8      | Noticed Maurice
 12932 | D:8      | Killed Maurice
 14419 | D:9      | Reached skill level 3 in Dodging
 14841 | D:9      | Reached skill level 4 in Dodging
 15009 | D:9      | Identified the +4 trident of Desperation {freeze, rPois rC+
                  | Str+2 Stlth+}
 15297 | D:9      | Reached skill level 5 in Dodging
 15625 | D:9      | Reached skill level 6 in Dodging
 15627 | D:9      | Reached XP level 11. HP: 59/89 MP: 0/0
 15627 | D:9      | Learned a level 4 spell: Ice Form
 15636 | D:9      | Reached skill level 7 in Dodging
 16093 | D:10     | Entered Level 10 of the Dungeon
 16130 | D:10     | Reached skill level 8 in Dodging
 17316 | D:10     | Reached skill level 9 in Dodging
 17877 | D:5      | Bought a scroll of poison for 88 gold pieces
 18015 | D:11     | Found Weetiew's Distillery.
 18015 | D:11     | Noticed a cyclops
 18039 | D:11     | Killed a cyclops
 18040 | D:11     | Reached skill level 10 in Dodging
 18124 | D:11     | Bought a potion of curing for 39 gold pieces
 18124 | D:11     | Bought a potion of berserk rage for 65 gold pieces
 18237 | D:11     | Noticed a two-headed ogre
 18307 | D:11     | Killed a two-headed ogre
 18473 | D:11     | Found a gate leading to a gauntlet.
 18671 | D:11     | Found a staircase to the Orcish Mines.
 19107 | D:11     | Noticed a cyclops
 19144 | D:11     | Killed a cyclops
 19703 | D:11     | Found a staircase to the Lair.
 19760 | D:11     | Noticed a two-headed ogre
 19764 | D:11     | Reached **** piety under Ashenzari
 19772 | D:11     | Killed a two-headed ogre
 20258 | D:11     | Found an opulent altar of Gozag.
 20356 | Lair:1   | Entered Level 1 of the Lair of Beasts
 20357 | Lair:1   | Noticed a six-headed hydra
 20417 | Lair:1   | Reached skill level 10 in Fighting
 20447 | Lair:1   | Noticed Joseph
 20460 | Lair:1   | Killed Joseph
 20461 | Lair:1   | Reached XP level 12. HP: 65/98 MP: 0/0
 20466 | Lair:1   | Noticed a five-headed hydra
 20472 | Lair:1   | Noticed Maggie
 20487 | Lair:1   | Killed a five-headed hydra
 20506 | Lair:1   | Killed Maggie
 20680 | Lair:1   | Reached skill level 1 in Shields
 20830 | Lair:1   | Reached skill level 1 in Polearms
 21022 | Lair:1   | Killed a six-headed hydra
 21476 | Lair:1   | Reached skill level 5 in Polearms
 21582 | Lair:1   | Reached ***** piety under Ashenzari
 21696 | Lair:1   | Identified the +1 robe of Funlateo {Dex+3}
 21709 | Lair:1   | Reached skill level 1 in Throwing
 22187 | Lair:2   | Reached XP level 13. HP: 106/106 MP: 0/0
 22187 | Lair:2   | Learned a level 5 spell: Fireball
 23713 | Lair:2   | Reached skill level 5 in Throwing
 24214 | Lair:3   | Reached skill level 1 in Armour
 24993 | Lair:3   | Found a staircase to the Shoals.
 25021 | Lair:3   | Reached skill level 5 in Armour
 25852 | Lair:3   | Found a staircase to the Snake Pit.
 26281 | Lair:3   | Identified a scroll of acquirement
 26291 | Lair:3   | Acquired a +0 kite shield of reflection
 26465 | Lair:4   | Identified the +9 flail of Ignis's Pride {venom, Will+
                  | rCorr Str+3 Int+2}
 26498 | Lair:4   | Noticed Nessos
 26500 | Lair:4   | Killed Nessos
 27275 | Lair:4   | Found a staircase to the Slime Pits.
 27370 | Lair:4   | Reached skill level 5 in Shields
 27370 | Lair:4   | Reached XP level 14. HP: 67/112 MP: 0/0
 27822 | Lair:5   | Entered Level 5 of the Lair of Beasts
 27841 | Lair:5   | Noticed Urug
 27848 | Lair:5   | Killed Urug
 31913 | Lair:5   | Reached skill level 5 in Stealth
 31913 | Lair:5   | Reached XP level 15. HP: 91/118 MP: 0/0
 31913 | Lair:5   | Learned a level 6 spell: Death Channel
 32155 | Lair:5   | Found a large runed translucent door.
 32156 | Lair:5   | Found a large runed translucent door.
 32247 | Lair:5   | Identified the +10 sling of Ehuv {freeze, Str+6 Dex+2 SInv}
 32986 | D:12     | Found a basalt altar of Yredelemnul.
 32987 | D:12     | Acquired 1011 gold pieces
 33239 | D:12     | Noticed Sonja
 33242 | D:12     | Killed Sonja
 35050 | Orc:1    | Entered Level 1 of the Orcish Mines
 35563 | Orc:2    | Entered Level 2 of the Orcish Mines
 35764 | Orc:2    | Noticed an orc warlord
 35772 | Orc:2    | Killed an orc warlord
 36281 | Orc:2    | Gained mutation: You have hidden genetic defects. [a
                  | neqoxec]
 37624 | Orc:2    | Found Leegh's General Store.
 37706 | Orc:2    | Found Xizego's Antique Weapon Shoppe.
 37827 | Orc:2    | Found Jovvi's Antique Armour Emporium.
 37835 | Orc:2    | Bought a brightly glowing ring mail for 306 gold pieces
 37835 | Orc:2    | Identified the +0 ring mail of Heeset {rC+} (You bought it
                  | in a shop on level 2 of the Orcish Mines)
 37842 | Orc:2    | Found a staircase to the Elven Halls.
 38358 | Orc:2    | Found Ythim's Book Shoppe.
 38675 | D:5      | Bought a scroll of fog for 88 gold pieces
 40789 | D:5      | Bought a bloodstained falchion for 176 gold pieces
 40789 | D:5      | Identified the +1 falchion "Orb Guardian's Bane" {freeze,
                  | Str+3} (You bought it in a shop on level 5 of the Dungeon)
 41470 | D:14     | Gained mutation: You are dopey. (Int -2) [hidden defects]
 41471 | D:14     | Reached XP level 16. HP: 102/129 MP: 0/0
 44479 | D:13     | Gained mutation: Armour fits poorly on your strangely
                  | shaped body. [hidden defects]
 44479 | D:13     | Lost mutation: You have hidden genetic defects. [hidden
                  | defects expressed]
 46009 | D:14     | Reached skill level 10 in Spellcasting
 46578 | D:14     | Found a blossoming altar of Fedhas.
 46646 | D:14     | Found a gate to the Vaults.
 46811 | D:15     | Entered Level 15 of the Dungeon
 48717 | D:15     | Found a glowing golden altar of the Shining One.
 48815 | D:15     | Noticed an emperor scorpion
 48827 | D:15     | Killed an emperor scorpion
 49081 | D:15     | Found a staircase to the Depths.
 49653 | Snake:1  | Entered Level 1 of the Snake Pit
 49849 | Lair:3   | Acquired an amulet of regeneration
 51777 | Snake:1  | Reached skill level 15 in Fighting
 51895 | Snake:1  | Reached XP level 17. HP: 130/138 MP: 0/0
 51895 | Snake:1  | Learned a level 6 spell: Iron Shot
 52469 | Snake:2  | Noticed Frances
 52479 | Snake:2  | Killed Frances
 52484 | Snake:2  | Noticed Louise
 52813 | Snake:2  | Found Hyqoxkis's Jewellery Boutique.
 52813 | Snake:2  | Found Suylopy's Armour Shop.
 52815 | Snake:2  | Found Keisaq's Assorted Antiques.
 52816 | Snake:2  | Found Quareud's Book Shop.
 53046 | Snake:2  | Bought a ring of protection from cold for 450 gold pieces
 53058 | Snake:2  | Bought a jade ring for 115 gold pieces
 53066 | Snake:2  | Bought a scroll of fog for 92 gold pieces
 53066 | Snake:2  | Bought a slimy falchion for 184 gold pieces
 53066 | Snake:2  | Identified the +8 falchion of Okawaru {venom, rElec rF+
                  | rN+} (You bought it in a shop on level 2 of the Snake Pit)
 54066 | Snake:2  | Killed Louise
 55291 | Snake:3  | Noticed Nikola
 55863 | Snake:3  | Killed Nikola
 55890 | Snake:3  | Noticed Azrael
 55898 | Snake:3  | Killed Azrael
 57120 | Snake:4  | Entered Level 4 of the Snake Pit
 57507 | Snake:4  | Noticed Aizul
 57507 | Snake:4  | Noticed Saint Roka
 57518 | Snake:4  | Killed Aizul
 57621 | Snake:4  | Killed Saint Roka
 57622 | Snake:4  | Reached skill level 10 in Polearms
 57778 | Snake:4  | Found Muang's Antique Weapon Shoppe.
 57923 | Snake:4  | Found a runed translucent gate.
 57923 | Snake:4  | Found a runed translucent gate.
 57923 | Snake:4  | Found a runed translucent gate.
 57931 | Snake:4  | Noticed cforsyth's ghost (adept KoBr)
 57992 | Snake:4  | Reached XP level 18. HP: 121/148 MP: 0/0
 59311 | Snake:4  | Noticed a quicksilver dragon
 59363 | Snake:4  | Noticed Bai Suzhen
 59494 | Snake:4  | Noticed a quicksilver dragon
 59507 | Snake:4  | Killed a quicksilver dragon
 59666 | Snake:4  | Killed a quicksilver dragon
 60006 | Snake:4  | Got a serpentine rune of Zot
 60090 | Snake:4  | Killed Bai Suzhen
 60840 | Snake:2  | Bought a +3 ring mail of cold resistance for 468 gold
                  | pieces
 61118 | Shoals:1 | Entered Level 1 of the Shoals
 61163 | Shoals:1 | Found a runed translucent door.
 61163 | Shoals:1 | Found a shimmering altar of Xom.
 61163 | Shoals:1 | Noticed Wyzutisk's ghost (journeyman MiFi)
 61194 | Shoals:1 | Found a sacrificial altar of Ru.
 61618 | Shoals:1 | Found a sacrificial altar of Ru.
 62405 | Shoals:2 | Reached XP level 19. HP: 158/158 MP: 0/0
 62405 | Shoals:2 | Learned a level 6 spell: Simulacrum
 62738 | Shoals:2 | Reached skill level 11 in Dodging
 63005 | Shoals:3 | Noticed Donald
 63041 | Shoals:3 | Noticed Polyphemus
 63418 | Shoals:2 | Killed Polyphemus
 63419 | Shoals:2 | Reached XP level 20. HP: 84/166 MP: 0/0
 63754 | Shoals:3 | Reached skill level 12 in Dodging
 63825 | Shoals:3 | Killed Donald
 64511 | Shoals:3 | Identified the ring "Taomis" {AC+4 Stlth+}
 64511 | Shoals:3 | Noticed a tentacled monstrosity
 64523 | Shoals:3 | Killed a tentacled monstrosity
 64602 | Shoals:3 | Reached skill level 13 in Dodging
 64779 | Shoals:3 | Noticed Jorgrun
 64783 | Shoals:3 | Killed Jorgrun
 65255 | Shoals:3 | Identified Ufiuron's Incunabulum of Mad Ravings
 65296 | Shoals:4 | Entered Level 4 of the Shoals
 65593 | Shoals:4 | Reached skill level 14 in Dodging
 66334 | Shoals:4 | Noticed Kirke
 66488 | Shoals:4 | Reached skill level 15 in Dodging
 66560 | Shoals:4 | Killed Kirke
 67370 | Shoals:4 | Got a barnacled rune of Zot
 67430 | Shoals:4 | Reached skill level 16 in Dodging
 67970 | D:5      | Killed mandoloar's ghost
 67975 | D:5      | Killed oldplebian's ghost
 67977 | D:5      | Killed Tollund's ghost
 68303 | Elf:1    | Entered Level 1 of the Elven Halls
 68484 | Elf:1    | Reached XP level 21. HP: 127/172 MP: 0/0
 68484 | Elf:1    | Learned a level 8 spell: Lehudib's Crystal Spear
 68499 | Elf:1    | Reached skill level 17 in Dodging
 68940 | Elf:1    | Identified Pitix's Excursus on Position and Glaciation
 69164 | Elf:1    | Reached skill level 10 in Throwing
 69571 | Elf:1    | Paralysed by an air elemental for 1 turns
 70087 | Elf:2    | Reached skill level 18 in Dodging
 70166 | Elf:2    | Found Vorer's Magic Scroll Shoppe.
 71012 | Elf:2    | Reached skill level 1 in Axes
 71065 | Elf:2    | Found a runed translucent gate.
 71078 | Elf:2    | Found a runed translucent gate.
 71078 | Elf:2    | Found a runed translucent gate.
 71837 | Vaults:1 | Entered Level 1 of the Vaults
 73440 | Vaults:1 | Reached skill level 5 in Axes
 74192 | Vaults:1 | Identified the +7 longbow "Elaetudd" {flame, Fragile rElec
                  | Will+++ Stlth+}
 75186 | Vaults:1 | Reached XP level 22. HP: 117/176 MP: 0/0
 76728 | Vaults:2 | Found a staircase to the Crypt.
 76737 | Vaults:2 | Reached skill level 10 in Armour
 76963 | Vaults:2 | Identified the +1 mace of Dyfoa {flame, rElec Str+2}
 79467 | Vaults:3 | Reached XP level 23. HP: 178/184 MP: 0/0
 79467 | Vaults:3 | Learned a level 7 spell: Spellforged Servitor
 79656 | Vaults:3 | Reached skill level 10 in Axes
 81666 | Vaults:4 | Noticed Jory
 81677 | Vaults:4 | Killed Jory
 82843 | Vaults:4 | Reached XP level 24. HP: 175/195 MP: 0/0
 82904 | Vaults:4 | Identified the ring "Cuwyaf" {Will+ Int+6}
 82916 | Vaults:4 | Identified the ring of Onlymiu {*Slow rF+ rC- Will+++ AC+4
                  | SInv}
 83259 | Vaults:4 | Identified the ring of Hias {Contam Fly MP+9 Dex+6}
 83294 | Vaults:4 | Identified the +6 chain mail of Untold Secrets {Int+2}
 83783 | Shoals:1 | Killed Wyzutisk's ghost
 84035 | Elf:3    | Entered Level 3 of the Elven Halls
 85156 | Elf:3    | Identified the +1 leather armour of Noxast {Int+4}
 86113 | Elf:3    | Reached skill level 10 in Evocations
 86501 | Elf:3    | Identified the +8 dire flail "Eviscerator" {chaos, Int+2}
 87638 | Elf:3    | Identified the +7 spear of Chagrin {freeze, rElec rC+}
 87958 | Depths:1 | Entered Level 1 of the Depths
 88005 | Depths:1 | Found a bloodstained altar of Trog.
 88226 | Depths:1 | Found Ligaci's Antique Armour Shoppe.
 88234 | Depths:1 | Bought a brightly glowing ring mail for 189 gold pieces
 88234 | Depths:1 | Identified the +0 ring mail "Rioqemai" {rF+} (You bought it
                  | in a shop on level 1 of the Depths)
 88305 | Depths:1 | Reached skill level 19 in Dodging
 88752 | Depths:1 | Found a gateway to Hell.
 88947 | Depths:1 | Found a one-way gateway to a ziggurat.
 89090 | Depths:1 | Reached skill level 20 in Dodging
 90076 | Depths:2 | Reached XP level 25. HP: 155/198 MP: 0/0
 90076 | Depths:2 | Learned a level 8 spell: Necromutation
 90094 | Depths:2 | Reached skill level 21 in Dodging
 90318 | Depths:2 | Found a sacrificial altar of Ru.
 90672 | Depths:2 | Found a one-way gate to the infinite horrors of the Abyss.
 90808 | Depths:2 | Found a one-way gate leading to the halls of Pandemonium.
 90820 | Depths:2 | Reached skill level 22 in Dodging
 91260 | Depths:3 | Noticed a juggernaut
 91268 | Depths:3 | Killed a juggernaut
 91789 | Depths:3 | Noticed Xtahua
 91798 | Depths:3 | Killed Xtahua
 92016 | Depths:3 | Found a burning altar of Makhleb.
 92444 | Depths:3 | Paralysed by an air elemental for 1 turns
 92448 | Depths:3 | Paralysed by an air elemental for 1 turns
 92454 | Depths:3 | Paralysed by an air elemental for 1 turns
 92457 | Depths:3 | Noticed Sojobo
 92458 | Depths:3 | Paralysed by an air elemental for 1 turns
 92498 | Depths:3 | Noticed Grunn
 92938 | Depths:3 | Paralysed by an air elemental for 1 turns
 92946 | Depths:3 | Killed Sojobo
 92954 | Depths:3 | Noticed a juggernaut
 92961 | Depths:3 | Killed a juggernaut
 93197 | Depths:3 | Reached XP level 26. HP: 197/211 MP: 0/0
 93265 | Depths:3 | Killed Grunn
 93932 | Depths:4 | Entered Level 4 of the Depths
 94314 | Depths:4 | Reached skill level 15 in Evocations
 95334 | Depths:4 | Found a gate to the Realm of Zot.
 96766 | Snake:2  | Bought the ring "Viczoargh" {rF- rN++ MP+9 Int+5} for 738
                  | gold pieces
 97078 | Crypt:1  | Entered Level 1 of the Crypt
 97406 | Crypt:1  | Found a magical portal.
 97416 | WizLab   | Entered The Roulette of Golubria
 97416 | WizLab   | Found a transporter.
 97519 | WizLab   | Identified the +2 cloak "Olliheo" {+Inv rElec rF- rN++}
 97519 | WizLab   | Found a corrupted altar of Lugonu.
 97584 | WizLab   | Found a transporter.
 97652 | WizLab   | Found a transporter.
 97652 | WizLab   | Found a transporter.
 97760 | WizLab   | Found a corrupted altar of Lugonu.
 97774 | WizLab   | Found a transporter.
 97810 | WizLab   | Found a transporter.
 97816 | WizLab   | Found a transporter.
 97919 | WizLab   | Found a transporter.
 97947 | WizLab   | Found a transporter.
 97949 | WizLab   | Found a corrupted altar of Lugonu.
 97949 | WizLab   | Identified Golubria's Discourse on Distance
 97970 | WizLab   | Found a transporter.
 98161 | WizLab   | Found a transporter.
 98161 | WizLab   | Found a transporter.
 98206 | WizLab   | Found a transporter.
 98302 | WizLab   | Found a transporter.
 98344 | WizLab   | Found a transporter.
 98344 | WizLab   | Found a transporter.
 98358 | WizLab   | Found a transporter.
 98716 | WizLab   | Identified the +1 cloak of the Hot Ocelot {rC+ Str+2 Dex+2}
 98767 | WizLab   | Found a transporter.
 98767 | WizLab   | Found a transporter.
 98882 | WizLab   | Found a transporter.
 99365 | Crypt:1  | Reached XP level 27. HP: 165/217 MP: 0/0
 99365 | Crypt:1  | Learned a level 9 spell: Chain Lightning
 99743 | Crypt:1  | Identified the +3 hand axe "Izxosk" {freeze, Str+3 Int+4}
101361 | Crypt:2  | Reached skill level 15 in Spellcasting
101746 | Crypt:2  | Noticed Zenata
102265 | Crypt:2  | Killed Zenata
102587 | Crypt:3  | Entered Level 3 of the Crypt
103936 | Crypt:3  | Found a runed translucent gate.
103936 | Crypt:3  | Found a runed translucent gate.
103936 | Crypt:3  | Found an iron altar of Okawaru.
103936 | Crypt:3  | Found a runed translucent gate.
103936 | Crypt:3  | Noticed Rakupo Megg's ghost (veteran GrEE)
103936 | Crypt:3  | Found the +11 Singing Sword {sonic wave}
103936 | Crypt:3  | Identified the +3 leather armour "Vinedur" {Int+4}
103951 | Crypt:3  | Found a staircase to the Tomb.
104027 | Crypt:3  | Identified Deownud's Volume of the Shapeshifter
104056 | Crypt:3  | Identified the ring "Nekh" {rPois rN+ Str-4 Dex+5}
104424 | Crypt:3  | Found a basalt altar of Yredelemnul.
105739 | Crypt:3  | Identified the ring of the Trout {rElec rF- rC+ rN+ SInv}
105739 | Crypt:3  | Identified the ring of the King {Drain rN+ Str+2 Dex+6}
106012 | Crypt:3  | Identified the +6 whip "Djinni's Bane" {heavy, rF+ Int+2}
106416 | Snake:4  | Killed cforsyth's ghost
106905 | D:11     | Bought a potion of invisibility for 104 gold pieces
106905 | D:11     | Bought a potion of invisibility for 104 gold pieces
106905 | D:11     | Bought a potion of berserk rage for 65 gold pieces
106905 | D:11     | Bought a potion of mutation for 104 gold pieces
107803 | Slime:1  | Entered Level 1 of the Pits of Slime
107824 | Slime:1  | Found a viscous altar of Jiyva.
108012 | Slime:3  | Gained mutation: You occasionally lose the ability to drink
                  | potions when taking damage. [a shining eye]
108018 | Slime:3  | Gained mutation: You occasionally shout uncontrollably at
                  | your foes. [a shining eye]
108028 | Slime:3  | Gained mutation: Potions are less effective at restoring
                  | your health. [a shining eye]
108032 | Slime:3  | Gained mutation: You are clumsy. (Dex -2) [a shining eye]
108073 | Slime:2  | Lost mutation: You are dopey. (Int -2) [potion of mutation]
108073 | Slime:2  | Lost mutation: You are clumsy. (Dex -2) [potion of
                  | mutation]
108073 | Slime:2  | Gained mutation: You are weak. (Str -2) [potion of
                  | mutation]
108073 | Slime:2  | Lost mutation: Potions are less effective at restoring your
                  | health. [potion of mutation]
108073 | Slime:2  | Gained mutation: Your mind is acute. (Int +4, Str/Dex -1)
                  | [potion of mutation]
108073 | Slime:2  | Gained mutation: You are resistant to electric shocks.
                  | (rElec) [potion of mutation]
108074 | Slime:2  | Lost mutation: You occasionally lose the ability to drink
                  | potions when taking damage. [potion of mutation]
108074 | Slime:2  | Lost mutation: You occasionally shout uncontrollably at
                  | your foes. [potion of mutation]
108074 | Slime:2  | Gained mutation: You possess an exceptional clarity of
                  | mind. [potion of mutation]
108355 | Slime:5  | Entered Level 5 of the Pits of Slime
108834 | Slime:5  | Found a viscous altar of Jiyva.
108854 | Slime:5  | Paralysed by a floating eye for 3 turns
108867 | Slime:5  | Gained mutation: You occasionally lose the ability to read
                  | scrolls when taking damage. [a shining eye]
108994 | Slime:5  | Noticed the Royal Jelly
110280 | Elf:2    | Bought a scroll of fog for 84 gold pieces
110280 | Elf:2    | Bought a scroll of fear for 84 gold pieces
110280 | Elf:2    | Bought a scroll of fog for 84 gold pieces
110280 | Elf:2    | Bought a scroll of immolation for 84 gold pieces
110280 | Elf:2    | Bought a scroll of poison for 84 gold pieces
111721 | Slime:5  | Killed the Royal Jelly
113512 | Slime:5  | Identified the +7 rapier of Uskayaw's Envy {venom, rElec
                  | rF+ Int+5}
113514 | Slime:5  | Identified the Catalogue of Gaseous Oxidation
113520 | Slime:5  | Identified the Grimoire of Transforming Accompaniment
113541 | Slime:5  | Identified the +6 demon trident of Jagava {freeze, rN+++
                  | rCorr MP+9 Int+2}
113550 | Slime:5  | Got a slimy rune of Zot
113556 | Slime:5  | Acquired 1005 gold pieces
113569 | Slime:5  | Identified the ring "Kuamuvymp" {Wiz Will++ Str-5 Int+3}
113590 | Slime:5  | Lost mutation: You possess an exceptional clarity of mind.
                  | [potion of mutation]
113590 | Slime:5  | Lost mutation: You are weak. (Str -2) [potion of mutation]
113590 | Slime:5  | Lost mutation: Armour fits poorly on your strangely shaped
                  | body. [potion of mutation]
113590 | Slime:5  | Gained mutation: Your mind is very acute. (Int +8, Str/Dex
                  | -2) [potion of mutation]
113590 | Slime:5  | Gained mutation: You passively map a small area around you.
                  | [potion of mutation]
113591 | Slime:5  | Lost mutation: You occasionally lose the ability to read
                  | scrolls when taking damage. [potion of mutation]
113591 | Slime:5  | Lost mutation: Your mind is very acute. (Int +8, Str/Dex
                  | -2) [potion of mutation]
113591 | Slime:5  | Lost mutation: You are resistant to electric shocks.
                  | (rElec) [potion of mutation]
113591 | Slime:5  | Gained mutation: You possess an exceptional clarity of
                  | mind. [potion of mutation]
113591 | Slime:5  | Gained mutation: Your mind is very acute. (Int +8, Str/Dex
                  | -2) [potion of mutation]
113591 | Slime:5  | Gained mutation: Your movements are slightly less
                  | encumbered by armour. (ER -2) [potion of mutation]
114008 | Slime:4  | Found a corrupted altar of Lugonu.
114666 | Vaults:5 | Entered Level 5 of the Vaults
115354 | Vaults:5 | Identified the ring of Efaotzeq {rPois rC++ MP+9 Str-3
                  | Int+6}
115855 | Vaults:5 | Identified the +6 broad axe of Ohasian {holy, rN+}
115931 | Vaults:5 | Noticed an ancient lich
115937 | Vaults:5 | Killed an ancient lich
116147 | Vaults:5 | Identified the +10 rapier of Defenestration {freeze, rF-
                  | Int-2 SInv Stlth+}
116663 | Vaults:5 | Got a silver rune of Zot
116873 | Vaults:5 | Noticed a dread lich
116900 | Vaults:5 | Identified the Grimoire of the Blizzard and Contaminants
117600 | Vaults:5 | Killed a dread lich
118024 | Hell     | Entered the Vestibule of Hell
118024 | Hell     | Noticed Geryon
118033 | Hell     | Killed Geryon
118175 | Hell     | Found a gateway to the decaying netherworld of Tartarus.
118782 | Hell     | Found a gateway to the Iron City of Dis.
118835 | Hell     | Found a gateway to the ashen valley of Gehenna.
118994 | Hell     | Found a gateway to the freezing wastes of Cocytus.
119664 | Zot:1    | Entered Level 1 of the Realm of Zot
121829 | Zot:2    | Reached skill level 23 in Dodging
123098 | Zot:2    | Reached skill level 24 in Dodging
123418 | Zot:2    | Identified the +3 leather armour "Joplufyh" {Dex+3}
123433 | Zot:2    | Identified the +3 scale mail of Distant Shores {rPois rN++}
124190 | Zot:3    | Reached skill level 25 in Dodging
124906 | Zot:3    | Noticed a Killer Klown
124911 | Zot:3    | Killed a Killer Klown
127701 | Zot:5    | Entered Level 5 of the Realm of Zot
128252 | Zot:4    | Identified the +3 long sword "Lidgh" {speed, rN+ Will+}
128936 | Zot:4    | Noticed a Killer Klown
128944 | Zot:4    | Killed a Killer Klown
130870 | Zot:4    | Identified Feotutel's Spellbook of Posthumous Locality
132499 | Zot:5    | Noticed an orb of fire
132517 | Zot:5    | Killed an orb of fire
132601 | Zot:5    | Noticed an orb of fire
132606 | Zot:5    | Killed an orb of fire
132647 | Zot:5    | Noticed an ancient lich
132650 | Zot:5    | Killed an ancient lich
132811 | Zot:5    | Noticed an orb of fire
133284 | Zot:5    | Killed an orb of fire
133297 | Zot:5    | Noticed a dread lich
133300 | Zot:5    | Noticed a Killer Klown
133303 | Zot:5    | Killed a Killer Klown
133317 | Zot:5    | Killed a dread lich
133712 | Zot:5    | Noticed a Killer Klown
134010 | Zot:5    | Killed a Killer Klown
134259 | Zot:5    | Noticed an orb of fire
134272 | Zot:5    | Killed an orb of fire
134676 | Zot:5    | Noticed an orb of fire
134684 | Zot:5    | Killed an orb of fire
134686 | Zot:5    | Noticed an orb of fire
134689 | Zot:5    | Noticed a dread lich
134690 | Zot:5    | Noticed an orb of fire
134690 | Zot:5    | Killed an orb of fire
134697 | Zot:5    | Killed an orb of fire
134698 | Zot:5    | Killed a dread lich
134970 | Zot:5    | Got the Orb of Zot
135268 | D:14     | Noticed Waechut the pandemonium lord
135277 | D:14     | Killed Waechut the pandemonium lord
135520 | D:$      | Escaped with the Orb!

Illustrated notes

Levels and vault maps discovered:
D:1:      matt_arrival_diagonals, layout_basic
D:2:      layout_loops_ring, nicolae_wormholes, uniq_jessica, uniq_robin
D:3:      minmay_chambers_of_threes, layout_basic
D:4:      minmay_skewed_foursquare, layout_rooms, temple_fountains,
          minmay_misc_feat_rows
D:5:      layout_basic, gammafunk_temple_overflow_statue,
          gammafunk_ghost_cemetery, serial_shops, nicolae_lakefront_shop
D:6:      layout_cave_pools, serial_shops, nicolae_stop_n_shop_2,
          grunt_decor_mini_mirrors, minmay_statues_item
D:7:      layout_basic, grunt_ministairs_1, minmay_parallelograms,
          minmay_ruined_shrine
D:8:      layout_loops_ring, uniq_maurice
D:9:      layout_stronghold, enter_bailey_3
D:10:     layout_roguey, minmay_misc_feat_diagonals
D:11:     layout_roguey, lair_entry_dummy, orc_0_dummy, serial_shops, shop,
          gauntlet_entry_generic, hangedman_abyss_or_decor_stabs,
          nicolae_gozag_cash_rules_everything_around_me
D:12:     layout_loops_corners, yredelemnul_altar_generic, uniq_sonja
D:13:     layout_stronghold
D:14:     layout_cross, erik_vaults_2, lemuel_round_altar, minivault_27
D:15:     hangedman_depths_entry_try_elsewhere_first, layout_basic,
          nicolae_tso_carved_into_rock
Temple:   mainiacjoe_temple_big_plus
Lair:1:   layout_misc_corridors, st_stairs_10, minmay_stone_trees_medium,
          hellmonk_guarded_unrand_vines, serial_bayou_shore_a, uniq_maggie,
          uniq_joseph
Lair:2:   layout_hall_layers, nicolae_quartered_pool_little, roderic_batcave
Lair:3:   layout_layer_cave, nicolae_shoals_entry_flooding,
          nicolae_snake_entry_squirm, portal_ice_cave_entry_pillars_2,
          small_statue_intersection, nzn_sisyphean_effort
Lair:4:   layout_loops_ring, dpeg_slime_entry_enclosed, serial_bayou_pond_e,
          chequers_serial_rivers_small_3, eino_house_with_fridge,
          infiniplex_staircase_pool_2, lemuel_fruit_tree, uniq_nessos
Lair:5:   cheibrodos_lair_end_hotspot, layout_cave_pods, special_room
          [special_room_mythical_zoo], serial_bayou_pond_e,
          infiniplex_staircase_pool, uniq_urug
Shoals:1: layout_shoals, ebering_ghost_xom, hangedman_feature_mirror
Shoals:2: layout_shoals
Shoals:3: dreamdust_from_the_deep, layout_shoals, uniq_donald, uniq_polyphemus,
          uniq_jorgrun
Shoals:4: shoals_end_hangedman, layout_shoals, uniq_kirke
Snake:1:  layout_rooms, minmay_snake_pond
Snake:2:  cheibrodos_forgotten_conduit, layout_chambers,
          nicolae_triple_integral, minmay_shoptagon, uniq_louise, uniq_frances
Snake:3:  layout_basic, uniq_azrael, uniq_nikola
Snake:4:  hellmonk_snake_rune_quicksilver_temple, layout_misc_corridors,
          serial_shops, nicolae_shop_hallway_plus, gammafunk_ghost_necromancy,
          nicolae_snake_herptile_family_reunion, uniq_bai_suzhen, uniq_aizul,
          uniq_saint_roka
Slime:1:  layout_caves, basic_altar
Slime:2:  layout_caves, cheibrodos_slime_lost_civilization_6
Slime:3:  layout_caves
Slime:4:  layout_caves, amcnicky_altar_lugonu_corruption
Slime:5
Orc:1:    layout_caves, minmay_orc_temple_c
Orc:2:    grunt_orc_gardens, layout_caves, grunt_orc_garden, grunt_orc_garden,
          grunt_orc_garden, grunt_orc_garden, abandoned_shop,
          kennysheep_orc_chapel
Elf:1:    eino_elf_arrival_sip, layout_loops_corners, minivault_28,
          corner_web_ring
Elf:2:    nicolae_elf_blades_splatter_lattice
          [nicolae_blade_entry_area_security], layout_gridlike, serial_shops,
          shop, basic_altar, minivault_16
Elf:3:    minmay_elf_hall_x, layout_loops_corners, grunt_megastairs_1
Vaults:1: nicolae_vaults_network_square, st_greater_box_4, ontoclasm_vaults_eye,
          vaults_mumra_chevron, nicolae_vaults_rhombus_5,
          grunt_vaults_trifunnel, nicolae_vaults_asterisk,
          vaults_room_door_ring, nicolae_vaults_little_squares_4,
          vaults_standard_mumra_enter_the_diamond, vaults_room_pool,
          vaults_room_fours, nicolae_vaults_little_squares_3,
          layout_vaults_omnicross
Vaults:2: vaults_mumra_hex, vaults_room_octagon, minmay_crypt_entry_simple_box,
          nicolae_vaults_big_angled_halls, dpeg_vaults_hating_casters,
          vaults_room_pools, vaults_room_door_hall,
          nicolae_vaults_diagonal_hallway_8, v_misc_14, v_pattern_5,
          hangedman_vaults_slice, hangedman_vaults_restitches,
          nicolae_vaults_little_squares_4, vaults_room_fours, layout_vaults_ring
Vaults:3: vaults_dpeg_cross, nicolae_vaults_diagonal_hallway_7,
          vaults_room_pools, ontoclasm_vaults_ligature, st_cells,
          ontoclasm_vaults_chip, nicolae_vaults_yaktaur_gun_rack,
          vaults_mumra_minichess_inversion, layout_vaults_quadrants
Vaults:4: ontoclasm_vaults_bender, nicolae_vaults_three_branches,
          hangedman_vaults_hat, dpeg_vaults_monster_box,
          nicolae_vaults_network_s, nicolae_vaults_network_quincunx
          [nicolae_vaults_network_quincunx_subvault,
          nicolae_vaults_network_quincunx_subvault,
          nicolae_vaults_network_quincunx_subvault,
          nicolae_vaults_network_quincunx_subvault,
          nicolae_vaults_network_quincunx_subvault], nicolae_vaults_asterisk,
          hangedman_vaults_cutoff, vaults_dpeg_hooks, st_greater_box_2,
          vaults_room_grid, v_misc_14, layout_vaults_omnibox, uniq_jory
Vaults:5: serial_shops
Crypt:1:  layout_gridlike, mu_enter_wizlab_5, st_stairs_14,
          hangedman_feature_mirror, moated_statue
Crypt:2:  layout_regular_city, hangedman_batty, uniq_zenata
Crypt:3:  church_of_pain_bobbens, layout_chaotic_city,
          tomb_entry_forgotten_bobbens, gammafunk_ghost_fury_of_okawaru,
          minivault_26, fountainhead
Depths:1: layout_small_grid, enter_ziggurat_c, serial_shops,
          nicolae_lakefront_shop, trog_three_pillars_becter,
          grunt_hell_entry_demonic_statue, chequers_serial_rivers_room_a,
          minmay_librarian
Depths:2: lemuel_minitomb, layout_cave_pools, pan_entry,
          infiniplex_staircase_squiggle, abyss_entry_crystal, hell_entry,
          nicolae_ru_sacrificial_ziggurat, firewood_loft
Depths:3: minmay_nested_s, layout_small_grid, abyss_entry, hell_entry,
          lemuel_round_altar, infiniplex_staircase_river, uniq_grunn,
          uniq_sojobo, uniq_xtahua
Depths:4: grunt_zot_entry_bicorn, layout_gridlike, abandoned_shop, hell_entry
Hell
Zot:1:    layout_cellular_growth
Zot:2:    layout_cathedral_of_symmetry, hangedman_zot_spectrum
Zot:3:    layout_gridlike, grunt_megastairs_3
Zot:4:    cheibrodos_zot_enchanting_chambers, layout_twisted_circle
Zot:5:    layout_onion

Skill      XL: |  1  2  3  4  5  6  7  8  9 10 11 12 13 14 15 16 17 18 19 20 21 22 23 24 25 26 27 |
---------------+----------------------------------------------------------------------------------+-----
Spellcasting   | 4 5 6 7 9 11 13 14 19 | 19.6
Fighting       | 1 3 4 6 7 8 10 11 13 15 16 18 19 20 24 | 24.9
Evocations     | 3 6 11 13 16 21 | 21.3
Dodging        | 6 10 11 16 18 20 22 25 | 25.8
Shields        | 2 5 9 |  9.7
Polearms       | 5 6 7 10 | 10.1
Throwing       | 3 5 6 9 10 12 | 12.8
Armour         | 7 13 | 13.3
Stealth        | 5 |  5.9
Axes           | 8 9 11 | 11.5

Action                     |  1- 3 |  4- 6 |  7- 9 | 10-12 | 13-15 | 16-18 | 19-21 | 22-24 | 25-27 || total
---------------------------+-------+-------+-------+-------+-------+-------+-------+-------+-------++-------
  Melee: Unarmed           |       |     1 |       |       |       |       |       |       |       ||     1
         Hand axe          |       |       |     1 |       |       |       |       |       |       ||     1
         Long sword        |       |       |       |    14 |       |       |       |       |       ||    14
         Trident           |       |       |       |    54 |   139 |    65 |       |       |       ||   258
         Demon trident     |       |       |       |       |       |    30 |       |       |       ||    30
         Falchion          |       |       |       |       |       |     1 |     2 |     5 |    15 ||    23
         Staff             |       |       |       |       |       |       |     1 |       |       ||     1
         Broad axe         |       |       |       |       |       |       |    19 |    54 |       ||    73
         Rapier            |       |       |       |       |       |       |       |       |    18 ||    18
  Throw: Javelin           |       |       |       |     2 |    55 |     6 |       |       |     1 ||    64
         Dart              |       |       |       |       |   106 |     6 |       |       |       ||   112
         Boomerang         |       |       |       |       |     3 |    13 |       |     1 |    17 ||    34
   Cast: Magic Dart        |    66 |    26 |    37 |    56 |       |       |       |       |       ||   185
         Searing Ray       |     3 |    14 |    29 |    22 |    11 |       |       |       |       ||    79
         Foxfire           |       |    73 |    38 |    77 |    36 |     7 |       |       |       ||   231
         Dazzling Flash    |       |       |     1 |     3 |       |     1 |       |       |       ||     5
         Iskenderun's Myst |       |       |    15 |    41 |   135 |    83 |     7 |       |     5 ||   286
         Fulminant Prism   |       |       |     7 |    56 |    20 |    23 |    16 |     1 |     1 ||   124
         Kindle Blastspark |       |       |       |     1 |       |     2 |       |       |       ||     3
         Fireball          |       |       |       |       |   263 |   185 |   250 |    94 |   101 ||   893
         Death Channel     |       |       |       |       |     4 |    31 |    16 |    43 |    53 ||   147
         Iron Shot         |       |       |       |       |       |   199 |   240 |   348 |  1112 ||  1899
         Passwall          |       |       |       |       |       |     2 |     1 |     6 |     9 ||    18
         Spellforged Servi |       |       |       |       |       |       |       |    68 |   234 ||   302
         Simulacrum        |       |       |       |       |       |       |       |     2 |    73 ||    75
         Chain Lightning   |       |       |       |       |       |       |       |       |     4 ||     4
         Lehudib's Crystal |       |       |       |       |       |       |       |       |     1 ||     1
 Invoke: Curse Item        |       |       |     2 |     6 |     2 |     2 |     1 |     1 |     3 ||    17
         Shatter the Chain |       |       |       |     1 |     2 |     3 |       |     1 |     2 ||     9
  Evoke: Wand              |       |       |       |    22 |    26 |    24 |     5 |       |    18 ||    95
         Box of beasts     |       |       |       |       |     1 |     6 |     3 |     2 |     9 ||    21
         Tin of tremorston |       |       |       |       |       |     2 |       |     3 |     1 ||     6
         Phantom mirror    |       |       |       |       |       |       |     2 |     4 |    10 ||    16
         Condenser vane    |       |       |       |       |       |       |       |     1 |     4 ||     5
         Phial of floods   |       |       |       |       |       |       |       |     1 |    10 ||    11
         Lightning rod     |       |       |       |       |       |       |       |       |     6 ||     6
    Use: Scroll            |       |    12 |     3 |     6 |     4 |    16 |     7 |     8 |    26 ||    82
         Potion            |       |       |     2 |     4 |     2 |     8 |     3 |     3 |    20 ||    42
   Stab: Sleeping          |       |       |       |     1 |       |     1 |       |       |       ||     2
         Invisible         |       |       |       |       |       |     1 |       |       |       ||     1
         Distracted        |       |       |       |       |       |       |       |     1 |       ||     1
 Armour: Robe              |       |    14 |     2 |       |       |       |       |       |       ||    16
         Leather armour    |       |       |    22 |    48 |    23 |       |       |       |       ||    93
         Acid dragon scale |       |       |       |       |    21 |    77 |       |       |       ||    98
         Ring mail         |       |       |       |       |       |     3 |    63 |    69 |   193 ||   328
  Dodge: Dodged            |     8 |    30 |    50 |   231 |   166 |   162 |   119 |   114 |   434 ||  1314
  Block: Other             |       |       |       |    24 |       |       |       |       |       ||    24
         Buckler           |       |       |       |    43 |    35 |       |       |       |       ||    78
         Reflection        |       |       |       |     1 |    23 |    47 |    31 |    49 |    33 ||   184
         Kite shield       |       |       |       |       |   230 |   235 |   156 |   168 |   349 ||  1138

Table legend: (Time is in decaauts)
 A = Elapsed time spent in this place.
 B = Non-inter-level travel time spent in this place.
 C = Inter-level travel time spent in this place.
 D = Time resting spent in this place.
 E = Time spent auto-exploring this place.
 F = Levels seen in this place.
 G = Mean time per level.
                   A        B        C        D        E       F      G
               +--------+--------+--------+--------+--------+-----+--------+
         Total | 135626 | 123024 |  12602 |  65034 |  36384 |  58 | 2338.4 |
       Dungeon |  35361 |  30608 |   4753 |  17101 |   9763 |  15 | 2357.4 |
        Temple |    426 |    397 |     29 |      0 |    386 |   1 |  426.0 |
          Lair |  15771 |  13832 |   1939 |   8038 |   3828 |   5 | 3154.2 |
        Shoals |   6733 |   6449 |    284 |   2735 |   2352 |   4 | 1683.2 |
     Snake Pit |  10081 |   8803 |   1278 |   4422 |   2678 |   4 | 2520.2 |
    Slime Pits |   4732 |   4602 |    130 |   3700 |     57 |   5 |  946.4 |
  Orcish Mines |   5845 |   5146 |    699 |   2795 |   1429 |   2 | 2922.5 |
   Elven Halls |   7579 |   6882 |    697 |   3373 |   2131 |   3 | 2526.3 |
        Vaults |  14951 |  13924 |   1027 |   6134 |   4734 |   5 | 2990.2 |
         Crypt |   7447 |   7245 |    202 |   3858 |   2157 |   3 | 2482.3 |
        Depths |   9046 |   8061 |    985 |   3546 |   2541 |   4 | 2261.5 |
          Hell |   1077 |   1058 |     19 |    393 |    408 |   1 | 1077.0 |
           Zot |  15020 |  14464 |    556 |   8415 |   3523 |   5 | 3004.0 |
        Wizlab |   1550 |   1550 |      0 |    521 |    397 |   1 | 1550.0 |
               +--------+--------+--------+--------+--------+-----+--------+

Top non-repeatable levels by time:
    D:13: 6392 daAuts
   Zot:3: 5226 daAuts
  Lair:5: 4329 daAuts
   Orc:1: 4311 daAuts
  Lair:3: 4245 daAuts
Vaults:1: 4204 daAuts
 Snake:4: 3885 daAuts
     D:5: 3736 daAuts
   Elf:3: 3597 daAuts
    D:11: 3399 daAuts
Depths:3: 3291 daAuts
    D:14: 3220 daAuts
Vaults:5: 3092 daAuts
   Zot:5: 3031 daAuts
Vaults:2: 3026 daAuts
